 Dungeon Crawl Stone Soup version 0.31.0-9-g3a7656b989 (webtiles) character file.

Game seed: 11207521544305880737

399 qw the Skirmisher (level 6, -13/36 HPs)
             Began as a Deep Elf Hunter on Feb 2, 2024.
             Killed from afar by Maggie (16 damage)
             ... with a bolt of fire
             ... on level 6 of the Dungeon.
             The game lasted 00:00:11 (2844 turns).

qw the Skirmisher (Deep Elf Hunter)                 Turns: 2844, Time: 00:00:12

Health: -13/36     AC: 10    Str: 10    XL:     6   Next: 53%
Magic:  8/8        EV: 11    Int: 14    God:
Gold:   201        SH:  0    Dex: 18    Spells: 5/5 levels left

rFire   . . .        a - +0 shortbow
rCold   . . .        (shield currently unavailable)
rNeg    . . .        b - +1 ring mail
rPois   .            (no helmet)
rElec   .            (no cloak)
rCorr   .            (no gloves)
SInv    .            (no boots)
Will    .....        (no amulet)
Stlth   +            i - +4 ring of protection
HPRegen 0.26/turn    (no ring)
MPRegen 0.11/turn

%: no passive effects
@: mesmerised
A: no striking features
a: no special abilities


You were on level 6 of the Dungeon.
You visited 1 branch of the dungeon, and saw 5 of its levels.

You collected 201 gold pieces.


   Skills:
 - Level 2.6 Fighting
 + Level 9.8 Ranged Weapons
 - Level 2.4 Dodging
 - Level 1.2 Stealth


You had 5 spell levels left.
You didn't know any spells.
Your spell library was empty.

Inventory:

Hand Weapons
 a - a +0 shortbow (weapon)
Armour
 b - a +1 ring mail (worn)
Jewellery
 i - a +4 ring of protection (left hand)
Wands
 k - a wand of flame (17)
Scrolls
 j - a scroll of enchant weapon {unknown}
Potions
 d - a potion of might
 f - 2 potions of enlightenment
 g - 2 potions of mutation
 h - a potion of resistance

Dungeon Overview and Level Annotations

Branches:
Dungeon (4/15)
 Temple: D:4-7

Altars:
Kikubaaqudgha
Trog

Annotations:
D:6 Maggie


Message History

Maggie is lightly wounded.
Maggie casts a spell at you. The bolt of fire hits you.
You shoot an arrow. The arrow barely misses Maggie.
You shoot an arrow.
The arrow hits Maggie but does no damage.
Maggie is lightly wounded.
You shoot an arrow. The arrow hits Maggie.
Maggie is moderately wounded.
You shoot an arrow. The arrow hits Maggie!
Maggie is heavily wounded.
You shoot an arrow. The arrow hits Maggie.
Maggie is heavily wounded.
Maggie closely misses you.
You shoot an arrow. The arrow barely misses Maggie.
Maggie hits you but does no damage.
You shoot an arrow. The arrow hits Maggie.
Maggie is heavily wounded.
Maggie hits you with a +0 long sword.
You shoot an arrow.
The arrow hits Maggie but does no damage.
Maggie is heavily wounded.
Maggie mumbles some strange words.
Maggie attempts to bespell you!
You are mesmerised by Maggie!
You shoot an arrow. The arrow hits Maggie.
Maggie is severely wounded.
Maggie casts a spell at you. The bolt of fire hits you!!
Ouch! That really hurt!
You shoot an arrow.
The arrow hits Maggie but does no damage.
Maggie is severely wounded.
Maggie hits you with a +0 long sword.
You shoot an arrow. The arrow closely misses Maggie.
Maggie hits you but does no damage.
You shoot an arrow. The arrow barely misses Maggie.
Maggie gestures at you while chanting. The bolt of fire hits you!
You die...

.................
...<.....##.......#####
...........)...##.)##
.........#.....###..####
...............# ##....#
..........###.## ####.#
.........## #.# #..
..........# #.# ###
......@@..###.# #
..........#...##########
........................
.####77#................
###......###...##
##.........###
#......#### ##....##
#..###


You could see Maggie (mesmerising).

Vanquished Creatures
  An ogre (D:4)
  2 phantoms (D:6)
  A bombardier beetle (D:4)
  A sleepcap (D:6)
  3 adders
  2 ufetubi (D:6)
  A dart slug (D:2)
  A ribbon worm (D:2)
  3 orcs
  5 bats
  7 endoplasms
  A giant cockroach (D:3)
  5 goblins
  7 hobgoblins
  3 jackals (D:2)
  6 kobolds
  5 quokkas
  7 ball pythons
  7 frilled lizards
  7 rats
75 creatures vanquished.

Notes
Turn   | Place    | Note
-------+----------+-------------------------------------------
     0 | D:1      | qw the Deep Elf Hunter began the quest for the Orb.
     0 | D:1      | Reached XP level 1. HP: 12/12 MP: 3/3
     0 | D:1      | 0 ||| qw: Version: 0.3-a-155-g5e7d8dd
     0 | D:1      | 0 ||| qw: Game counter: 184
     0 | D:1      | 0 ||| qw: Melee chars always use a shield: true
     0 | D:1      | 0 ||| qw: God list: Okawaru
     0 | D:1      | 0 ||| qw: Allow faded altars: false
     0 | D:1      | 0 ||| qw: Do Orc after clearing Dungeon:15 true
     0 | D:1      | 0 ||| qw: Do second Lair branch before Depths: true
     0 | D:1      | 0 ||| qw: Lair rune preference: random
     0 | D:1      | 0 ||| qw: Goals: Normal
     0 | D:1      | 0 ||| PLANNING D:1-11
    28 | D:1      | 28 ||| DROPPING scroll of butterflies.
   155 | D:1      | Reached XP level 2. HP: 16/16 MP: 4/4
   167 | D:1      | Reached skill level 6 in Ranged Weapons
   445 | D:1      | 445 ||| UPGRADING to +0 ring mail.
   455 | D:1      | 455 ||| DROPPING +0 leather armour.
   456 | D:1      | 456 ||| READING 3 scrolls labelled SIUVAO VEOFIREE.
   456 | D:1      | 456 ||| IDENTIFYING murky blue potion
   457 | D:1      | 457 ||| READING 2 scrolls of identify.
   457 | D:1      | 457 ||| IDENTIFYING white potion
   458 | D:1      | 458 ||| READING scroll of identify.
   458 | D:1      | 458 ||| IDENTIFYING 2 golden potions
   459 | D:1      | 459 ||| DROPPING 2 potions of attraction.
   566 | D:2      | Reached XP level 3. HP: 8/20 MP: 5/5
   840 | D:2      | Reached skill level 7 in Ranged Weapons
  1417 | D:2      | 1417 ||| UPGRADING to +4 ring of protection.
  1418 | D:2      | 1418 ||| READING 3 scrolls of identify.
  1418 | D:2      | 1418 ||| IDENTIFYING clear potion
  1419 | D:2      | 1419 ||| READING 2 scrolls of identify.
  1419 | D:2      | 1419 ||| IDENTIFYING pink potion
  1420 | D:2      | 1420 ||| READING scroll of identify.
  1420 | D:2      | 1420 ||| IDENTIFYING lumpy red potion
  1421 | D:2      | 1421 ||| READING scroll labelled TAEGAL XEDGHEM.
  1422 | D:2      | 1422 ||| READING scroll labelled NYP XOSIUPRUQ.
  1425 | D:2      | 1425 ||| DROPPING potion of lignification.
  1426 | D:2      | 1426 ||| DROPPING potion of ambrosia.
  1570 | D:3      | Found a bloodstained altar of Trog.
  1684 | D:3      | Reached XP level 4. HP: 25/25 MP: 6/6
  1714 | D:3      | Found a faded altar of an unknown god.
  2190 | D:3      | 2190 ||| READING scroll of identify.
  2190 | D:3      | 2190 ||| IDENTIFYING scroll labelled GOANOIXKEC
  2191 | D:3      | 2191 ||| READING scroll labelled OHARYF RAACUTUL.
  2191 | D:3      | 2191 ||| ENCHANTING +0 ring mail.
  2192 | D:3      | 2192 ||| DROPPING scroll of immolation.
  2255 | D:4      | Noticed an ogre
  2259 | D:4      | Killed an ogre
  2260 | D:4      | Reached skill level 8 in Ranged Weapons
  2260 | D:4      | Reached XP level 5. HP: 29/29 MP: 7/7
  2400 | D:4      | Reached skill level 9 in Ranged Weapons
  2463 | D:4      | You fall into a shaft and drop 2 floors!
  2465 | D:6      | Noticed an ice beast
  2476 | D:6      | HP: 6/29 [ice beast (8)]
  2477 | D:6      | 2477 ||| READING 2 scrolls of teleportation.
  2480 | D:6      | Found an ancient bone altar of Kikubaaqudgha.
  2480 | D:6      | Noticed a phantom
  2484 | D:6      | HP: 5/29 [ufetubus (3)]
  2485 | D:6      | 2485 ||| READING scroll of teleportation.
  2589 | D:6      | Killed a phantom
  2590 | D:6      | Reached XP level 6. HP: 33/36 MP: 8/8
  2795 | D:6      | 2795 ||| READING scroll of identify.
  2795 | D:6      | 2795 ||| IDENTIFYING fizzy cyan potion
  2796 | D:6      | 2796 ||| READING scroll labelled VIATTE VYFOEMM.
  2828 | D:6      | Noticed Maggie
  2841 | D:6      | HP: 7/36 [Maggie/bolt of fire (24)]
  2842 | D:6      | HP: 3/36 [Maggie/+0 long sword (4)]
  2844 | D:6      | Killed from afar by Maggie

Levels and vault maps discovered:
D:1:      matt_arrival_grand_opening, layout_rooms, serial_glass,
          glass_columns_a, glass_columns_a, glass_columns_b, glass_columns_a,
          glass_columns_c, glass_columns_c, minmay_misc_feat_tower
D:2:      layout_basic
D:3:      layout_loops_ring, trog_butcher_becter,
          nicolae_ecumenical_snake_handling, dreamdust_wishing_well
D:4:      due_chaos_kobolds, layout_loops_ring, minmay_temple_entry_butterflies
D:6:      kennysheep_kobold_camp, layout_rooms,
          mainiacjoe_overflow_catch_the_wave, hellmonk_no_cap, uniq_maggie

Skill      XL: |  1  2  3  4  5 |
---------------+----------------+-----
Ranged Weapons | 6 7 8 9 |  9.8
Fighting       | 2 |  2.6
Dodging        | |  2.4
Stealth        | |  1.2

Action                     |  1- 3 |  4- 6 || total
---------------------------+-------+-------++-------
   Fire: Shortbow          |   124 |   123 ||   247
    Use: Scroll            |     8 |     6 ||    14
 Armour: Leather armour    |     3 |       ||     3
         Ring mail         |    21 |    41 ||    62
  Dodge: Dodged            |    30 |    41 ||    71

Table legend:
 A = Non-vault XP
 B = Vault XP
 C = Vault XP percentage of total XP
 D = Non-vault monster count
 E = Vault monster count
 F = Vault count percentage of total count
                 A         B        C        D         E       F
            +---------+---------+-------+---------+---------+-------
      Total |     402 |     168 |  29.5 |      62 |      13 |  17.3
            +---------+---------+-------+---------+---------+-------
        D:1 |      26 |       0 |   0.0 |      16 |       0 |   0.0
        D:2 |      57 |       0 |   0.0 |      26 |       0 |   0.0
        D:3 |      27 |      24 |  47.1 |       9 |       9 |  50.0
        D:4 |     168 |       0 |   0.0 |       7 |       0 |   0.0
        D:6 |     124 |     144 |  53.7 |       4 |       4 |  50.0
            +---------+---------+-------+---------+---------+-------
